 Dungeon Crawl Stone Soup version 0.21-a0-460-g737a915 (webtiles) character file.

1777 slep the Slasher (level 9, -5/46 HPs)
             Began as a Vine Stalker Monk on Nov 20, 2017.
             Was a Priest of Okawaru.
             Slain by an ice beast (8 damage)
             ... on level 7 of the Dungeon.
             The game lasted 00:35:18 (5179 turns).

slep the Slasher (Vine Stalker Monk)                Turns: 5179, Time: 00:35:22

Health: -5/46      AC:  8    Str: 14    XL:     9   Next: 8%
Magic:  0/10       EV: 11    Int: 10    God:    Okawaru [***...]
Gold:   335        SH:  0    Dex: 20    Spells: 8/8 levels left

rFire    . . .     SeeInvis +   a - +0 falchion
rCold    . . .     Gourm    .   (no shield)
rNeg     . . .     Faith    .   E - +0 scale mail
rPois    .         Spirit   +   B - +0 helmet
rElec    .         Reflect  .   (no cloak)
rCorr    .         Harm     .   (no gloves)
MR       +....     Rnd*Rage +   (no boots) Stlth ++........Rnd*Tele +
                                (no amulet)
HPRegen  0.55/turn              L - ring of see invisible
MPRegen  0.12/turn              (no ring)

@: berserk cooldown, slowed, very slow
A: fangs 3, berserk 1, blurry vision 1, regeneration 1, teleportitis 1, wild
magic 1, magic shield, antimagic bite, no potion heal 3, rot immunity
a: Heroism, Renounce Religion


You were on level 7 of the Dungeon.
You worshipped Okawaru.
Okawaru was most pleased with you.
You were hungry.

You visited 2 branches of the dungeon, and saw 8 of its levels.

You collected 335 gold pieces.

Inventory:

Hand Weapons
 a - a +0 falchion (weapon)
 b - a +0 blowgun
 r - a +2 dagger of venom
 G - the +6 dagger "Inwe" {pierce, rPois rC+ Str+4}
   (You found it on level 4 of the Dungeon)

   It inflicts extra damage upon your enemies.
   It affects your strength (+4).
   It protects you from cold.
   It protects you from poison.
 I - a +2 hand axe of flaming
 M - a +0 short sword of freezing
Missiles
 h - 68 poisoned needles
 y - 8 tomahawks (quivered)
 z - 2 throwing nets
Armour
 d - a +0 leather armour
 x - a +0 robe
 B - a +0 helmet (worn)
 E - a +0 scale mail (worn)
Jewellery
 L - a ring of see invisible (left hand)
Wands
 H - a wand of clouds (7)
 K - a wand of iceblast (4)
 N - a wand of acid (7)
 R - a wand of enslavement (11)
Scrolls
 e - 8 scrolls of identify
 g - 2 scrolls of magic mapping {unknown}
 i - 2 scrolls of remove curse
 j - 2 scrolls of amnesia {unknown}
 m - 5 scrolls of fear {unknown}
 q - 5 scrolls of teleportation {unknown}
 s - 2 scrolls of blinking {unknown}
 t - 3 scrolls of enchant weapon {unknown}
 u - a scroll of immolation {unknown}
 w - 2 scrolls of enchant armour {unknown}
 F - a scroll of random uselessness {unknown}
Potions
 k - 5 potions of haste
 l - 2 potions of berserk rage {unknown}
 p - 2 potions of ambrosia {unknown}
 v - a potion of curing
 A - a potion of heal wounds {unknown}
 C - 4 potions of degeneration {unknown}
 D - a potion of agility {unknown}
 P - a potion of lignification {unknown}
 Q - a potion of brilliance {unknown}
Books
 J - a book of Misfortune

   Spells                             Type                      Level
   a - Confusing Touch                Hexes                        1
   b - Confuse                        Hexes                        3
   c - Gell's Gravitas                Translocation                3
   d - Petrify                        Transmutation/Earth          4
   e - Metabolic Englaciation         Hexes/Ice                    5
   f - Yara's Violent Unravelling     Hexes/Transmutation          5
Comestibles
 c - 4 bread rations
 f - a fruit
 n - 2 meat rations
 o - 3 royal jellies
 O - 4 chunks of flesh


   Skills:
 + Level 4.8 Fighting
 + Level 1.0(4.0) Short Blades
 + Level 6.2(6.3) Long Blades
 + Level 1.6 Axes
 + Level 3.2 Throwing
 + Level 3.6 Armour
 + Level 3.9 Dodging
 + Level 5.0 Stealth
 + Level 0.2 Evocations


You had 8 spell levels left.
You didn't know any spells.

Dungeon Overview and Level Annotations

Branches:
Dungeon (7/15)             Temple (1/1) D:4

Altars:
Ashenzari
Cheibriados
Dithmenos
Elyvilon
Gozag
Hepliaklqana
Kikubaaqudgha
Makhleb
Nemelex Xobeh
Okawaru
Sif Muna
Trog
Vehumet
Wu Jian
Xom
Yredelemnul
Zin
The Shining One


Innate Abilities, Weirdness & Mutations

You have razor-sharp teeth.
Your natural rate of healing is unusually fast.
When hurt, damage is shared between your health and your magic reserves.
Your bite disrupts and absorbs the magic of your enemies.
Potions cannot restore your health.
You are immune to rotting.
You tend to lose your temper in combat.
Scrolls take you a little longer to read.
You are occasionally teleported next to monsters.
Your spells are a little harder to cast, but a little more powerful.


Message History

The ice beast is heavily wounded.
The ice beast hits you but does no damage.
You hit the ice beast but do no damage.
The ice beast is heavily wounded.
The ice beast closely misses you. The ice beast hits you.
The ice beast freezes you!
Some of the chunks of flesh in your inventory have rotted away.
You barely miss the ice beast. Your bite misses the ice beast.
The ice beast is heavily wounded.
The ice beast hits you.
* * * LOW HITPOINT WARNING * * *
The ice beast freezes you!
* * * LOW HITPOINT WARNING * * *
You barely miss the ice beast. Your bite misses the ice beast.
The ice beast is heavily wounded.
The ice beast hits you but does no damage.
The ice beast hits you.
* * * LOW HITPOINT WARNING * * *
The ice beast freezes you!
You die...

#.....###. ........#
#......... ........#
#.....###.
.......##+#.......#.
!.....#......>.....
#######...##.)........##
..........##.)........#
..........##).........#
......Y@...(....#######
........#.......#
................#
...........#....#
................#
................#
................#
.#######.....+###


You could see an ice beast.

Vanquished Creatures
  Sigmund (D:2)
  2 ice beasts
  2 sky beasts
  3 ogres
  A bullfrog (D:6)
  A big kobold (D:5)
  A scorpion (D:7)
  An oklob sapling (D:4)
  A howler monkey (D:5)
  3 crimson imps
  2 hounds
  A bullfrog skeleton (D:7)
  A jelly (D:5)
  An orc wizard (D:7)
  2 iguanas
  7 worker ants
  A hound skeleton (D:4)
  A worker ant zombie (D:5)
  9 adders
  2 shadow imps
  3 oozes
  An adder skeleton (D:5)
  A worm (D:6)
  4 dart slugs
  5 leopard geckos
  22 orcs
  A ball python (D:4)
  10 bats
  4 giant cockroaches
  6 goblins
  6 hobgoblins
  10 jackals
  A quokka (D:5)
  4 frilled lizards
  9 kobolds
  2 leopard gecko skeletons
  A quokka skeleton (D:6)
  8 rats
  3 plants (D:4)
144 creatures vanquished.

Notes
Turn   | Place    | Note
-------+----------+-------------------------------------------
     0 | D:1      | slep the Vine Stalker Monk began the quest for the Orb.
     0 | D:1      | Reached XP level 1. HP: 11/11 MP: 2/2
   279 | D:1      | Reached XP level 2. HP: 16/16 MP: 3/3
   392 | D:1      | Reached skill level 3 in Long Blades
   558 | D:2      | Reached XP level 3. HP: 17/19 MP: 4/4
   669 | D:2      | Noticed Sigmund
   963 | D:2      | Killed Sigmund
   963 | D:2      | Reached skill level 1 in Armour
   963 | D:2      | Gained mutation: Your natural rate of healing is unusually fast. [Vine Stalker growth]
   963 | D:2      | Reached XP level 4. HP: 8/24 MP: 5/5
   963 | D:2      | Reached XP level 5. HP: 10/28 MP: 6/6
   984 | D:2      | Found a faded altar of an unknown god.
  1403 | D:3      | Reached XP level 6. HP: 32/32 MP: 7/7
  1629 | D:3      | Reached skill level 4 in Long Blades
  2152 | D:4      | Noticed a sky beast
  2184 | D:4      | Killed a sky beast
  2184 | D:4      | Reached XP level 7. HP: 5/37 MP: 8/8
  2438 | D:4      | Got a polished dagger
  2439 | D:4      | Identified the +6 dagger "Inwe" {pierce, rPois rC+ Str+4} (You found it on level 4 of the Dungeon)
  2992 | D:4      | Found a staircase to the Ecumenical Temple.
  3063 | Temple   | Entered the Ecumenical Temple
  3123 | Temple   | Became a worshipper of Warmaster Okawaru
  3123 | Temple   | Reached * piety under Okawaru
  3123 | Temple   | Reached ** piety under Okawaru
  3276 | D:5      | Entered Level 5 of the Dungeon
  3381 | D:5      | Reached skill level 5 in Long Blades
  3413 | D:5      | Reached skill level 1 in Short Blades
  3413 | D:5      | Reached skill level 1 in Axes
  3413 | D:5      | Reached skill level 1 in Throwing
  3413 | D:5      | Gained mutation: You have razor-sharp teeth. [Vine Stalker growth]
  3413 | D:5      | Reached XP level 8. HP: 24/42 MP: 7/9
  4789 | D:6      | Gained mutation: Your spells are a little harder to cast, but a little more powerful. [mutagenic meat]
  4790 | D:6      | Gained mutation: You are occasionally teleported next to monsters. [mutagenic meat]
  4791 | D:6      | Gained mutation: Scrolls take you a little longer to read. [mutagenic meat]
  4792 | D:6      | Gained mutation: You tend to lose your temper in combat. [mutagenic meat]
  4983 | D:6      | Reached *** piety under Okawaru
  5140 | D:7      | Reached skill level 6 in Long Blades
  5140 | D:7      | Reached skill level 5 in Stealth
  5140 | D:7      | Reached XP level 9. HP: 46/46 MP: 10/10
  5179 | D:7      | Slain by an ice beast

Vault maps used:
D:1:      tarquinn_simple_flora_water_f, st_stairs_4, minmay_tetromino_s2
D:2:      chequers_ecumenical_altar_twisty, uniq_sigmund
D:4:      minmay_temple_entry_oklob
D:5:      first_bread, st_stairs_10
D:6:      minmay_misc_feat_x
D:7:      fedhas_altar_1, uniq_crazy_yiuf_cottage
Temple:   compressed_dpeg_triangle_lava_temple

Skill      XL: |  1  2  3  4  5  6  7  8 |
---------------+-------------------------+-----
Long Blades    | 3 4 5 6 |  6.2
Fighting       | 3 4 |  4.8
Armour         | 1 2 3 |  3.6
Dodging        | 3 |  3.9
Stealth        | 3 4 5 |  5.0
Short Blades   | 1 |  1.0
Axes           | 1 |  1.6
Throwing       | 1 3 |  3.2
Evocations     | |  0.2

Action                   |  1- 3 |  4- 6 |  7- 9 || total
-------------------------+-------+-------+-------++-------
Melee: Falchion          |    50 |    96 |   208 ||   354
       Bite              |    15 |    40 |   165 ||   220
       Dagger            |     7 |    20 |    42 ||    69
       Hand axe          |       |       |    95 ||    95
       Blowgun           |       |       |    50 ||    50
 Fire: Blowgun           |       |       |    55 ||    55
Throw: Tomahawk          |       |       |     8 ||     8
Evoke: Wand              |       |       |     4 ||     4
  Use: Potion            |     2 |       |       ||     2
       Scroll            |       |       |     3 ||     3
 Stab: Sleeping          |     6 |     6 |     2 ||    14
  Eat: Chunk             |       |     4 |    14 ||    18
Armor: Leather armour    |    21 |     7 |       ||    28
       Scale mail        |       |    13 |   128 ||   141
Dodge: Dodged            |    47 |    65 |   177 ||   289
       Rpst.: Falchion   |    16 |    24 |    31 ||    71

Table legend:
 A = Spawn XP
 B = Non-spawn XP
 C = Spawn XP percentage of total XP
 D = Spawn monster count
 E = Non-spawn monster count
 F = Spawn count percentage of total count
 G = Total turns spent on level
                    A         B        C        D         E        F      G
               +---------+---------+-------+---------+---------+-------+---------
         Total |       0 |    2539 |   0.0 |       0 |     141 |   0.0 |  5179
               +---------+---------+-------+---------+---------+-------+---------
           D:1 |       0 |      32 |   0.0 |       0 |      21 |   0.0 |   813
           D:2 |       0 |     257 |   0.0 |       0 |       9 |   0.0 |   478
           D:3 |       0 |     109 |   0.0 |       0 |      28 |   0.0 |   830
           D:4 |       0 |     501 |   0.0 |       0 |      32 |   0.0 |  1294
           D:5 |       0 |     694 |   0.0 |       0 |      25 |   0.0 |   900
           D:6 |       0 |     618 |   0.0 |       0 |      17 |   0.0 |   716
           D:7 |       0 |     328 |   0.0 |       0 |       9 |   0.0 |    78
               +---------+---------+-------+---------+---------+-------+---------
